 Dungeon Crawl Stone Soup version 0.27-a0-1181-g5f64966fcc (webtiles) character file.

Game seed: 8762190067534518792

1 ZappyNine the Caller (level 1, -1/16 HPs)
             Began as an Ogre Summoner on May 17, 2021.
             Slain by a jackal (2 damage)
             ... on level 1 of the Dungeon.
             The game lasted 00:00:12 (27 turns).

ZappyNine the Caller (Ogre Summoner)                  Turns: 27, Time: 00:00:12

Health: -1/16      AC:  3    Str: 11    XL:     1   Next: 20%
Magic:  1/3        EV:  9    Int: 16    God:
Gold:   0          SH:  0    Dex:  9    Spells: 3/4 levels left

rFire    . . .     SeeInvis .   (no weapon)
rCold    . . .     Faith    .   (no shield)
rNeg     . . .     Spirit   .   a - +0 robe
rPois    .         Reflect  .   (helmet restricted)
rElec    .         Harm     .   (no cloak)
rCorr    .         Rampage  .   (gloves unavailable)
Will     .....                  (boots unavailable)
Stlth    +.........             (no amulet)
HPRegen  0.05/turn              (no ring)
MPRegen  0.08/turn              (no ring)

@: no status effects
A: large, unfitting armour, tough skin 1
a: no special abilities


You were on level 1 of the Dungeon.
You visited 1 branch of the dungeon, and saw 1 of its levels.

Inventory:

Armour
 a - a +0 robe (worn)


   Skills:
 + Level 0.1 Fighting
 - Level 1.7 Dodging
 - Level 1.4 Stealth
 + Level 2.4 Spellcasting
 * Level 3.6 Summonings


You had 3 spell levels left.
You knew the following spells:

 Your Spells              Type           Power      Damage    Failure   Level
a - Summon Small Mammal   Summ           52%        N/A       4%          1

Your spell library contained the following spells:

 Spells                   Type           Power      Damage    Failure   Level
 Call Imp                 Summ           13%        N/A       7%          2
 Call Canine Familiar     Summ           13%        N/A       13%         3
 Summon Guardian Golem    Hex/Summ       7%         N/A       28%         3
 Summon Ice Beast         Ice/Summ       7%         N/A       67%         4
 Summon Lightning Spire   Summ/Air       7%         N/A       67%         4


Dungeon Overview and Level Annotations

Branches:
Dungeon (1/15)

Altars:


Innate Abilities, Weirdness & Mutations

You are too large for most types of armour.
You have tough skin. (AC +1)


Message History

The jackal is almost dead.
The jackal bites you.
The jackal bites you but does no damage.
The jackal closely misses you.
Your rat barely misses the jackal.
You closely miss the jackal.
The jackal is almost dead.
The jackal bites you. The jackal barely misses you.
Your rat misses the jackal. You closely miss the jackal.
The jackal is almost dead.
The jackal bites you.
The jackal bites you but does no damage.
A bat comes into view.
The jackal bites you.
Your rat misses the jackal. You barely miss the jackal.
The jackal is almost dead.
The jackal bites you but does no damage. x2
The jackal bites you.
Your rat bites the jackal.
The jackal dies!
The bat barely misses you. The jackal barely misses you.
Found 25 arrows.
You see here a jackal corpse.
You closely miss the jackal.
The jackal bites you but does no damage.
The bat hits you. The jackal bites you.
You closely miss the jackal. The bat hits you.
* * * LOW HITPOINT WARNING * * *
The bat hits you.
* * * LOW HITPOINT WARNING * * *
The jackal misses you.
You swap places.
The bat closely misses your rat. The bat misses your rat. The jackal bites you.
* * * LOW HITPOINT WARNING * * *
Your rat barely misses the jackal.
The bat hits your rat but does no damage.
Your rat misses the bat. The jackal barely misses you.
Casting: Summon Small Mammal (safe; 4% risk of failure)
Confirm with . or Enter, or press ? or * to list all spells.
The bat hits your rat. The bat closely misses your quokka.
Your rat closely misses the bat.
The jackal bites you.
You die...

# (# ## .####
.. .... #
#.###.. .#
.###..#b##.#
......rr#..#
.######h..#
##.@.## #####
##...##
##...###...##
...#..<..#...##
#...........##
##....#...###
##########


You could see a jackal (ally target), a bat (ally target), a friendly quokka
(summoned) and a friendly rat (summoned).

Vanquished Creatures (collateral kills)
  A jackal (D:1)
1 creature vanquished.

Notes
Turn   | Place    | Note
-------+----------+-------------------------------------------
     0 | D:1      | ZappyNine the Ogre Summoner began the quest for the Orb.
     0 | D:1      | Reached XP level 1. HP: 16/16 MP: 3/3
    27 | D:1      | Slain by a jackal

Illustrated notes

Levels and vault maps discovered:
D:1:      dpeg_chamrin_arrival_tetris, layout_loops_ring, serial_shops,
          nicolae_shop_crystal, basic_ecumenical_altar

Action                   || total
-------------------------++-------
Melee: Unarmed           ||     9
 Cast: Summon Small Mamm ||     3
Armor: Robe              ||     7
Dodge: Dodged            ||     8

Table legend: (Time is in decaauts)
 A = Elapsed time spent in this place.
 B = Non-inter-level travel time spent in this place.
 C = Inter-level travel time spent in this place.
 D = Time resting spent in this place.
 E = Time spent auto-exploring this place.
 F = Levels seen in this place.
 G = Mean time per level.
                   A        B        C        D        E       F      G
               +--------+--------+--------+--------+--------+-----+--------+
         Total |     27 |     27 |      0 |      0 |     11 |   1 |   27.0 |
       Dungeon |     27 |     27 |      0 |      0 |     11 |   1 |   27.0 |
               +--------+--------+--------+--------+--------+-----+--------+

Top non-repeatable levels by time:
     D:1: 27 daAuts
